 Dungeon Crawl Stone Soup version 0.18-a0-1040-g4865665 (webtiles) character file.

167 Reinor the Poker (level 5, -3/42 HPs)
             Began as a Minotaur Gladiator on Jan 10, 2016.
             Slain by melty's ghost (16 damage)
             ... on level 4 of the Dungeon.
             The game lasted 00:09:28 (2522 turns).

Reinor the Poker (Minotaur Gladiator)               Turns: 2522, Time: 00:09:28

Health: -3/42      AC:  3    Str: 20    XL:     5   Next: 23%
Magic:  4/4        EV: 12    Int:  5    God:
Gold:   96         SH:  0    Dex: 11    Spells: 0 memorised, 4 levels left

rFire  . . .     SeeInvis .     a - +0 trident
rCold  . . .     Gourm    .     b - +0 leather armour
rNeg   . . .     Faith    .     (no shield)
rPois  .         Spirit   .     c - +0 hat
rElec  .         Dismiss  .     (no cloak)
rCorr  .         Reflect  .     (no gloves)
SustAt .         Harm     +     (no boots)
MR     .....                    g - amulet of harm
Stlth  +.........               (no ring)
                                (no ring)

@: not resistant to hostile enchantments, very unstealthy
A: retaliatory headbutt, horns 2
a: no special abilities


You were on level 4 of the Dungeon.
You were not hungry.

You visited 1 branch of the dungeon, and saw 4 of its levels.

You collected 96 gold pieces.

Inventory:

Hand Weapons
 a - a +0 trident (weapon)
Missiles
 d - 3 throwing nets (quivered)
 k - 3 tomahawks
 m - 4 needles of confusion
Armour
 b - a +0 leather armour (worn)
 c - a +0 hat (worn)
 e - a +0 buckler
Jewellery
 g - an amulet of harm (around neck)
Wands
 t - a wand of digging (13/24)
 u - a wand of frost (14/48)
Scrolls
 i - a scroll of identify
 o - 6 scrolls of remove curse
 p - a scroll of fog
Potions
 j - 2 potions of heal wounds
 n - 3 potions of brilliance
 q - a potion of invisibility
 r - a potion of lignification {unknown}
Comestibles
 f - 3 bread rations
 h - a slice of pizza
 l - 7 fruits
 s - 2 meat rations


   Skills:
 - Level 2.4 Fighting
 + Level 7.2 Polearms
 - Level 2.0 Throwing
 - Level 3.2 Dodging


You had 4 spell levels left.
You didn't know any spells.

Dungeon Overview and Level Annotations

Branches:
Dungeon (4/15)
 Temple: D:4-7

Altars:
Cheibriados
Dithmenos

Annotations:
D:4 Eustachio; melty's ghost, amateur MiBe


Innate Abilities, Weirdness & Mutations

You reflexively headbutt those who attack you in melee.
You have a pair of horns on your head.


Message History

Eustachio blinks!
You hit melty's ghost.
Melty's ghost is lightly damaged.
Melty's ghost hits you.
You hit melty's ghost but do no damage.
Melty's ghost is lightly damaged.
Melty's ghost hits you.
You hit melty's ghost but do no damage. Your headbutt misses melty's ghost.
Melty's ghost whispers, "There is no future for you."
Melty's ghost misses you. You furiously retaliate!
You headbutt melty's ghost, but do no damage.
You hit melty's ghost but do no damage. Melty's ghost closely misses you.
Eustachio gestures wildly while chanting.
You hit melty's ghost.
Melty's ghost is lightly damaged.
Melty's ghost hits you!
You hit melty's ghost but do no damage.
Melty's ghost is lightly damaged.
Melty's ghost hits you!
You die...

..................###
###..## #
....................###...##
#
..........@r..)...รท.....(##
# ........).........).....##
# ................#########
# ..........##....# ##
#.......####....# #.
#....#### ##..W## ###.
##..## ##..@## ####... ##.##
###..## ##...... #..# ##..##
##...#### ##.### ##..##
#..### ##..# ##..# #..# ####
##.## ##.# ##.# #.# ### ###


You could see Eustachio, melty's ghost and a rat.

Vanquished Creatures
  An orc wizard (D:4)
  A worker ant (D:4)
  Robin (D:3)
  3 adders
  An ooze (D:1)
  A worm (D:2)
  5 orcs
  3 giant cockroaches
  12 goblins
  9 hobgoblins
  11 kobolds
  A quokka (D:2)
  A ball python (D:2)
  6 bats
  A giant newt (D:1)
  7 rats
64 creatures vanquished.

Notes
Turn   | Place    | Note
--------------------------------------------------------------
     0 | D:1      | Reinor the Minotaur Gladiator began the quest for the Orb.
     0 | D:1      | Reached XP level 1. HP: 18/18 MP: 0/0
    92 | D:1      | Reached skill level 4 in Polearms
    96 | D:1      | Reached XP level 2. HP: 11/25 MP: 1/1
   885 | D:2      | Reached skill level 5 in Polearms
   951 | D:2      | Reached XP level 3. HP: 30/30 MP: 2/2
   954 | D:2      | Found a shadowy altar of Dithmenos.
  1062 | D:2      | Found a faded altar to an unknown god.
  1405 | D:3      | Found a snail-covered altar of Cheibriados.
  1881 | D:3      | Noticed Robin
  1882 | D:3      | Reached XP level 4. HP: 33/37 MP: 3/3
  1889 | D:3      | Reached skill level 6 in Polearms
  1898 | D:3      | Killed Robin
  2193 | D:4      | Noticed melty's ghost (amateur MiBe)
  2405 | D:4      | Reached skill level 7 in Polearms
  2405 | D:4      | Reached XP level 5. HP: 40/42 MP: 4/4
  2497 | D:4      | Noticed Eustachio
  2522 | D:4      | Slain by melty's ghost

Vault maps used:
D:1:      scummos_arrival_simple_fountains, minivault_26, serial_park_tiny_pond,
          minmay_bisected
D:2:      first_bread, ecumenical_altar_2, lemuel_statue_altar
D:3:      old_standard_altar, uniq_robin
D:4:      lemuel_round_altar, nicolae_ru_path_of_blood, uniq_eustachio

Action                   |  1- 3 |  4- 6 || total
-------------------------+-------+-------++-------
Melee: Trident           |    90 |    51 ||   141
  Use: Scroll            |     8 |       ||     8
       Potion            |     1 |       ||     1
 Stab: Distracted        |       |     1 ||     1
  Eat: Chunk             |     3 |     2 ||     5
